 Dungeon Crawl Stone Soup version 0.29.1-15-g9cfb28693d (webtiles) character file.

Game seed: 18122007653237412013

144 Smoke131 the Firebug (level 5, -4/57 HPs)
             Began as a Draconian Fire Elementalist on Feb 26, 2023.
             Slain by Sigmund
             ... wielding a +1 scythe of venom
              (6 damage)
             ... on level 2 of the Dungeon.
             The game lasted 00:03:48 (1946 turns).

Smoke131 the Firebug (Draconian Fire Elementalist)  Turns: 1946, Time: 00:03:48

Health: -4/57      AC: 22    Str: 10    XL:     5   Next: 5%
Magic:  18/18      EV:  2    Int: 18    God:
Gold:   103        SH:  0    Dex: 11    Spells: 6/9 levels left

rFire   + . .      SeeInvis .   m - +0 trident
rCold   + . .      Faith    .   (no shield)
rNeg    . . .      Spirit   .   (body armour unavailable)
rPois   +          Reflect  .   (helmet currently unavailable)
rElec   +          Harm     .   (cloak currently unavailable)
rCorr   +          Rampage  .   (gloves currently unavailable)
Will    .....      NoTele   +   (boots currently unavailable)
Stlth   ++........              (no amulet)
HPRegen 0.19/turn               f - ring of magical power
MPRegen 0.16/turn               g - ring of flight

@: tree-form, resistant
A: stationary, stasis, torment immunity, boosted hp, AC +5, unfitting armour,
(cold-blooded)
a: no special abilities


You were on level 2 of the Dungeon.
You were a tree.
You visited 1 branch of the dungeon, and saw 2 of its levels.

You collected 103 gold pieces.

Inventory:

Hand Weapons
 m - a +0 trident (weapon)
Jewellery
 b - a ring of fire
 f - a ring of magical power (left branch)
 g - a ring of flight (right branch)
Wands
 l - a wand of flame (6)
Scrolls
 c - 3 scrolls of identify {unknown}
 e - 2 scrolls of poison {unknown}
 k - a scroll of enchant weapon {unknown}
Potions
 a - 2 potions of magic
 i - a potion of ambrosia {unknown}


   Skills:
 + Level 2.9 Dodging
 - Level 1.7 Stealth
 + Level 2.9 Spellcasting
 + Level 2.4 Conjurations
 + Level 3.8 Fire Magic


You had 6 spell levels left.
You knew the following spells:

 Your Spells              Type           Power      Damage    Failure   Level
a - Foxfire               Conj/Fire      56%        2x1d6     4%          1
b - Scorch                Fire           32%        2d7       4%          2

Your spell library contained the following spells:

 Spells                   Type           Power      Damage    Failure   Level
 Conjure Flame            Conj/Fire      14%        6-21      14%         3
 Inner Flame              Hex/Fire       9%         N/A       22%         3
 Flame Wave               Conj/Fire      14%        2d6       41%         4


Dungeon Overview and Level Annotations

Branches:
Dungeon (2/15)

Altars:

Annotations:
D:2 Sigmund


Innate Abilities, Weirdness & Mutations

You are a tree.
Your roots penetrate the ground, keeping you stationary.
You cannot be teleported.
You are immune to unholy pain and torment.
Your maximum health is greatly increased.
Your equipment is partially melded.
((Your plain brown scales are hard. (AC +5)))
You cannot fit into any form of body armour.
((You are cold-blooded and may be slowed by cold attacks.))


Message History

The hobgoblin no longer looks unusually strong.
The hobgoblin hits you. The hobgoblin barely misses you.
You puncture the hobgoblin!
You kill the hobgoblin!
You closely miss the goblin. The goblin hits you but does no damage.
You miss the goblin. The goblin hits you with a +0 dagger.
Sigmund the Dreaded comes into view.
He is wielding a +1 scythe of venom and carrying a wand of flame (21).
Sigmund shouts!
You puncture the goblin!
You kill the goblin!
Sigmund casts a spell at you.
You are confused.
Sigmund casts a spell.
Sigmund flickers and vanishes!
Deactivating autopickup; reactivate with Ctrl-A.
You bump into the rock wall.
Something tries to affect you, but you resist.
Items here: ))))))) [[[ †††.
A magic dart appears from out of thin air!
The magic dart hits you.
You bump into the rock wall.
A puff of flame appears from out of thin air!
The puff of flame hits you.
Items here: ))))))) [[[ †††.
You bump into the rock wall.
You feel less confused.
You hear a zap.
A puff of flame appears from out of thin air!
The puff of flame misses you.
Aiming: Throw Flame
Press: ? - help, Shift-Dir - straight line A puff of flame appears from out of thin air!
The puff of flame hits you!
* * * LOW HITPOINT WARNING * * *
It was a potion of lignification.
You turn into a tree.
Your roots penetrate the ground.
It was a potion of resistance.
You feel protected. Something hits you.
You die...

# .. ..........). #. ..
###..####... ##
#.###.####............
...#.....................
.........................
........#......######.###
..........# # #..#.
.......#.## ##.#.
.g....##♣# #.#. .##g##
#)# ##... #g #.#
#######.... gg #.#
##........(. g #.#
#..######.<.
#####.#####.## #...
#...........# #...
#...........# ##..
#........>.## ...


There were no monsters in sight!

Vanquished Creatures
  Natasha (thrice) (D:2)
  Robin (D:2)
  An adder (D:2)
  6 ball pythons
  A bat (D:2)
  An endoplasm (D:2)
  A giant cockroach (D:1)
  4 hobgoblins
  4 jackals (D:1)
  5 kobolds
  3 quokkas
  A frilled lizard (D:1)
  11 goblins
  3 rats
45 creatures vanquished.

Vanquished Creatures (collateral kills)
  A foxfire (D:2)
1 creature vanquished.

Vanquished Creatures (others)
  85 foxfires
85 creatures vanquished.

Grand Total: 131 creatures vanquished

Notes
Turn   | Place    | Note
-------+----------+-------------------------------------------
     0 | D:1      | Smoke131 the Draconian Fire Elementalist began the quest
                  | for the Orb.
     0 | D:1      | Reached XP level 1. HP: 14/14 MP: 3/3
   220 | D:1      | Reached XP level 2. HP: 12/20 MP: 0/5
  1032 | D:1      | Reached XP level 3. HP: 26/26 MP: 6/6
  1284 | D:2      | Learned a level 2 spell: Scorch
  1336 | D:2      | Noticed Natasha
  1340 | D:2      | Killed Natasha
  1457 | D:2      | Found a faded altar of an unknown god.
  1473 | D:2      | Noticed Natasha
  1478 | D:2      | Reached XP level 4. HP: 33/33 MP: 7/7
  1479 | D:2      | Killed Natasha
  1495 | D:2      | Noticed Natasha
  1501 | D:2      | Killed Natasha
  1919 | D:2      | Noticed Robin
  1927 | D:2      | Killed Robin
  1928 | D:2      | Reached XP level 5. HP: 33/38 MP: 9/9
  1936 | D:2      | Noticed Sigmund
  1944 | D:2      | HP: 1/38 [something/puff of flame (11)]
  1946 | D:2      | Slain by Sigmund

Illustrated notes

Levels and vault maps discovered:
D:1:      dpeg_arrival_stone_temple_mockup, layout_basic
D:2:      layout_rooms, shapermc_ecumenical_altar_mp_urbaneastern, basic_altar,
          uniq_robin, uniq_sigmund, uniq_natasha

Skill      XL: |  1  2  3 |
---------------+----------+-----
Dodging        | 2 |  2.9
Conjurations   | 2 |  2.4
Stealth        | |  1.7
Spellcasting   | |  2.9
Fire Magic     | |  3.8

Action                   |  1- 3 |  4- 6 || total
-------------------------+-------+-------++-------
Melee: Unarmed           |    33 |       ||    33
       Tailslap          |    10 |     3 ||    13
       Club              |    14 |       ||    14
       Hand axe          |     1 |     5 ||     6
       Trident           |       |    29 ||    29
 Cast: Foxfire           |    45 |     2 ||    47
       Scorch            |       |     4 ||     4
Evoke: Wand              |       |     1 ||     1
  Use: Potion            |       |     2 ||     2
 Stab: Sleeping          |     1 |       ||     1
Armor: Skin              |    18 |    11 ||    29
Dodge: Dodged            |    44 |    16 ||    60
